 Dungeon Crawl Stone Soup version 0.28.0-53-g5a82cb258f (webtiles) character file.

Game seed: 11686925452517349179

4449 Gabide the Fighter (level 10, -1/86 HPs)
             Began as a Mummy Berserker on June 19, 2022.
             Was a Priest of Trog.
             Slain by an unseen horror (8 damage)
             ... on level 10 of the Dungeon.
             The game lasted 00:19:21 (10796 turns).

Gabide the Fighter (Mummy Berserker)               Turns: 10796, Time: 00:19:21

Health: -1/86      AC: 14    Str: 30    XL:     10   Next: 15%
Magic:  10/10      EV: 11    Int:  7    God:    Trog [***...]
Gold:   479        SH:  0    Dex: 12    Spells: 9/9 levels left

rFire   x . .      SeeInvis .     - Unarmed
rCold   + . .      Faith    .   (no shield)
rNeg    + + +      Spirit   .   a - +4 ring mail
rPois   ∞          Reflect  .   (no helmet)
rElec   .          Harm     .   x - +2 cloak
rCorr   .          Rampage  .   u - +0 pair of gloves
Will    +++..                   p - +0 pair of boots
Stlth   +.........              (no amulet)
HPRegen 1.24/turn               m - +6 ring of strength
MPRegen 0.12/turn               (no ring)

@: about to teleport, strong-willed (expiring), regenerating (expiring)
A: cold resistance 1, negative energy resistance 3, torment resistance 2, heat
vulnerability 1, no potions
a: Renounce Religion, Trog's Hand


You were on level 10 of the Dungeon.
You worshipped Trog.
Trog was most pleased with you.
You visited 1 branch of the dungeon, and saw 10 of its levels.

You collected 479 gold pieces.

Inventory:

Missiles
 c - 8 boomerangs (quivered)
 q - 2 javelins
Armour
 a - a +4 ring mail (worn)
 l - a +1 leather armour of willpower
 n - an orb of mayhem
 p - a +0 pair of boots (worn)
 s - an orb of light
 u - a +0 pair of gloves (worn)
 x - a +2 cloak (worn)
Jewellery
 m - a +6 ring of strength (left hand)
Wands
 d - a wand of iceblast (11)
 k - a wand of charming (3)
 t - a wand of flame (24)
 v - a wand of acid (6)
Scrolls
 b - a scroll of holy word
 e - a scroll of brand weapon
 f - 3 scrolls of enchant weapon
 g - a scroll of blinking
 h - a scroll of teleportation
 i - a scroll of immolation
 j - a scroll of magic mapping
 o - a scroll of fear
 r - 2 scrolls of identify
 w - a scroll of torment {unknown}


   Skills:
 + Level 10.9 Fighting
 - Level 1.5 Armour
 - Level 1.5 Dodging
 + Level 9.2 Unarmed Combat


You had 9 spell levels left.
You didn't know any spells.
Your spell library was empty.

Dungeon Overview and Level Annotations

Branches:
Dungeon (10/15)            Temple (0/1) D:5             Orc (0/2) D:10
   Lair: D:8-11

Altars:
Ashenzari
Dithmenos
Fedhas
Ru
Trog
Xom
Yredelemnul
Zin

Portals:
Abyss: D:7

Annotations:
D:7 2 transporters, YASD's ghost, novice HOFi


Innate Abilities, Weirdness & Mutations

You are immune to poison.
Your flesh is cold resistant. (rC+)
You are immune to negative energy. (rN+++)
You are immune to unholy pain and torment.
You are vulnerable to heat. (rF-)
You do not drink.


Message History

You miss something. Something hits you but does no damage. Something hits you.
You punch something! Something hits you but does no damage. Something hits you.
Something hits you but does no damage. Something hits you but does no damage.
Something hits you. Something hits you but does no damage. Something hits you.
Something hits you!
* * * LOW HITPOINT WARNING * * *
Something hits you.
* * * LOW HITPOINT WARNING * * *
Your skin crawls.
You feel strong-willed. Something hits you but does no damage.
Something hits you.
* * * LOW HITPOINT WARNING * * *
Something hits you but does no damage. Something hits you!
* * * LOW HITPOINT WARNING * * *
Something hits you but does no damage. Something hits you.
* * * LOW HITPOINT WARNING * * *
Something hits you but does no damage.
Something hits you but does no damage. x2
You punch something! Something hits you but does no damage.
You barely miss something.
Something hits you but does no damage. x2
Something hits you.
* * * LOW HITPOINT WARNING * * *
Something hits you but does no damage. x2
Something barely misses you.
You feel the effects of Trog's Hand fading.
Something hits you.
* * * LOW HITPOINT WARNING * * *
You punch something! Something hits you but does no damage.
Something hits you but does no damage. Something hits you!
* * * LOW HITPOINT WARNING * * *
You can't drink.
As you read the scroll of teleportation, it crumbles to dust.
You feel strangely unstable. Something hits you!
You die...

##............####..######
##.........#####....#
#####...#.#####...#.# #
#...#...........# #
#...#######...### # #####
##.## ##.## ####...##
#....@..# #.#.#.(....... #
#.###.###### ## ##


There were no monsters in sight!

Vanquished Creatures
  A two-headed ogre (D:9)
  A hornet (D:7)
  A vampire (D:10)
  2 wyverns (D:8)
  An acid dragon (D:9)
  4 water moccasins
  3 ice beasts
  2 hornet zombies (D:8)
  3 necrophages
  2 ogres
  A phantom (D:5)
  2 scorpions (D:6)
  2 bullfrogs
  3 killer bees (D:9)
  A jelly (D:5)
  10 wights
  2 howler monkeys
  A bullfrog zombie (D:6)
  4 centaur zombies
  A bullfrog skeleton (D:5)
  A human zombie (D:8)
  An orc priest (D:3)
  A gnoll shaman (D:6)
  3 iguanas
  Ijyb (D:3)
  2 orc wizards
  A killer bee zombie (D:8)
  A hound skeleton (D:5)
  4 mummies (D:8)
  3 howler monkey zombies
  8 gnolls
  7 adders
  A shadow imp (D:7)
  2 white imps (D:5)
  An ufetubus (D:5)
  A worm (D:3)
  7 dart slugs
  15 orcs
  5 ball pythons
  4 bats
  13 endoplasms
  5 giant cockroaches
  8 goblins
  7 hobgoblins (D:1)
  3 jackals (D:4)
  10 kobolds
  6 quokkas
  6 frilled lizards
  4 rats
178 creatures vanquished.

Notes
Turn   | Place    | Note
-------+----------+-------------------------------------------
     0 | D:1      | Gabide the Mummy Berserker began the quest for the Orb.
     0 | D:1      | Reached XP level 1. HP: 18/18 MP: 1/1
   315 | D:1      | Reached XP level 2. HP: 24/24 MP: 2/2
   699 | D:1      | Reached XP level 3. HP: 23/29 MP: 3/3
   708 | D:1      | Reached ** piety under Trog
  1469 | D:2      | Reached skill level 4 in Fighting
  1960 | D:3      | Found a faded altar of an unknown god.
  1969 | D:3      | Reached XP level 4. HP: 35/37 MP: 4/4
  2107 | D:3      | Noticed an ice beast
  2132 | D:3      | Killed an ice beast
  2133 | D:3      | Reached XP level 5. HP: 18/43 MP: 5/5
  2493 | D:3      | Reached skill level 5 in Fighting
  2624 | D:3      | Noticed Ijyb
  2650 | D:3      | Killed Ijyb
  2799 | D:3      | Reached XP level 6. HP: 39/51 MP: 6/6
  2900 | D:3      | Found a shadowy altar of Dithmenos.
  3155 | D:3      | Found a faded altar of an unknown god.
  3155 | D:3      | Found a blossoming altar of Fedhas.
  3161 | D:3      | Found a faded altar of an unknown god.
  3185 | D:3      | Found a sacrificial altar of Ru.
  3187 | D:3      | Found a bloodstained altar of Trog.
  3698 | D:4      | Reached *** piety under Trog
  3969 | D:4      | You fall into a shaft and drop 1 floor!
  3969 | D:5      | Entered Level 5 of the Dungeon
  4219 | D:5      | Found a staircase to the Ecumenical Temple.
  4229 | D:5      | Reached skill level 6 in Fighting
  4229 | D:5      | Reached skill level 5 in Unarmed Combat
  4229 | D:5      | Reached XP level 7. HP: 49/58 MP: 7/7
  4421 | D:5      | Found a broken altar of Ashenzari.
  5397 | D:5      | Reached skill level 7 in Fighting
  5662 | D:6      | Reached XP level 8. HP: 60/67 MP: 8/8
  6084 | D:6      | Reached skill level 8 in Fighting
  6743 | D:7      | Noticed a hornet
  6758 | D:7      | Killed a hornet
  7341 | D:7      | Noticed an angel
  7349 | D:7      | Found a transporter.
  7349 | D:7      | Noticed a toenail golem
  7709 | D:7      | Found a transporter.
  7709 | D:7      | Found a one-way gate to the infinite horrors of the Abyss.
  7721 | D:7      | Noticed YASD's ghost (novice HOFi)
  7849 | D:7      | Found a shimmering altar of Xom.
  7856 | D:7      | Reached XP level 9. HP: 75/75 MP: 9/9
  8153 | D:8      | Reached skill level 9 in Fighting
  9476 | D:8      | Reached **** piety under Trog
  9500 | D:8      | Reached skill level 10 in Fighting
  9533 | D:8      | Found a basalt altar of Yredelemnul.
  9558 | D:8      | Noticed a boulder beetle
  9737 | D:9      | Identified the +3 robe of Meg Zia {*Corrode rElec rF+
                  | Dex+6}
  9772 | D:9      | Noticed a two-headed ogre
  9780 | D:9      | Killed a two-headed ogre
  9781 | D:9      | Reached XP level 10. HP: 73/86 MP: 10/10
 10614 | D:10     | Entered Level 10 of the Dungeon
 10664 | D:10     | Found a staircase to the Orcish Mines.
 10796 | D:10     | Slain by an unseen horror

Illustrated notes

Levels and vault maps discovered:
D:1:      roderic_octagonal_star, layout_basic, minmay_hedge_maze
D:2:      layout_basic, minmay_misc_feat_tower, minmay_pentomino_u4
D:3:      layout_basic, chequers_temple_overflow_minitemple,
          lemuel_doored_altar, nicolae_ecumenical_pavilion, uniq_ijyb
D:4:      layout_cave_pools, minmay_fractal_squares_gapless_5
D:5:      layout_gridville, ashenzari_altar_1, temple_fountains
D:6:      layout_cave_pods
D:7:      layout_basic, grunt_temple_overflow_order_and_chaos_1,
          gammafunk_ghost_abyssal_escape
D:8:      layout_basic, lemuel_mausoleum_altar_yredelemnul
D:9:      layout_cave_pools
D:10:     layout_loops_ring, orc_0_dummy, uniq_maggie

Skill      XL: |  1  2  3  4  5  6  7  8  9 |
---------------+----------------------------+-----
Unarmed Combat | 3 4 5 6 7 9 |  9.2
Fighting       | 4 5 6 7 8 10 | 10.9
Armour         | |  1.5
Dodging        | |  1.5

Action                   |  1- 3 |  4- 6 |  7- 9 | 10-12 || total
-------------------------+-------+-------+-------+-------++-------
Melee: Unarmed           |    98 |   193 |   311 |    84 ||   686
       Punch             |       |     9 |    14 |     4 ||    27
Throw: Boomerang         |    64 |    43 |    52 |       ||   159
       Javelin           |       |     3 |    12 |       ||    15
Invok: Trog's Hand       |       |     2 |       |     2 ||     4
Evoke: Wand              |       |       |     7 |       ||     7
  Use: Scroll            |       |    10 |     4 |     1 ||    15
Armor: Animal skin       |    13 |       |       |       ||    13
       Ring mail         |       |    67 |    89 |    66 ||   222
Dodge: Dodged            |    43 |   106 |   131 |    65 ||   345
